AoeStats
← alcalyx93

Arena

509789989Analyzed
1v1 RM · 5d ago on Sep 28, 2026· 54m 50s· 2 players
Game mode
Random Map
Map size
Tiny (2 player)
Population
200
Speed
Normal
Resources
Standard
Victory
Conquest
Starting age
Dark Age
Ending age
Imperial Age
RankedLock teamsTeams togetherTeam positionsShared explorationLock speedFull tech treeHidden civsTurbo modeCheats
Victory
Defeat
🇦🇷 Vikings · Argentina
913
+16
🇵🇪 Spanish · Peru
920
-16
alcalyx93
10:28 Loom
12:23 Feudal Age
15:54 Castle Age
14:30 Double-Bit Axe
14:27 Horse Collar
24:24 Pikeman
26:30 Elite Skirmisher
27:31 Fletching
28:01 Bow Saw
28:08 Bodkin Arrow
28:16 Padded Archer Armor
32:25 Imperial Age
29:43 Town Watch
30:34 Leather Archer Armor
30:31 Forging
30:17 Gold Mining
30:33 Heavy Plow
30:46 Chieftains
32:24 Ballistics
33:47 Iron Casting
33:16 Scale Mail Armor
33:53 Bracer
35:12 Conscription
36:05 Two-Man Saw
36:24 Chemistry
35:30 Siege Engineers
35:07 Treadmill Crane
35:57 Town Patrol
36:53 Gold Shaft Mining
36:14 Stone Mining
36:56 Bogsveigar
38:05 Crop Rotation
43:42 Blast Furnace
43:02 Chain Mail Armor
42:28 Pikeman
43:55 Masonry
43:41 Murder Holes
44:00 Squires
43:46 Arson
44:17 Elite Berserk
49:36 Hoardings
50:09 Plate Mail Armor
50:22 Ring Archer Armor
52:01 Scale Barding Armor
Thingol27
7:26 Loom
9:45 Feudal Age
10:29 Double-Bit Axe
17:31 Castle Age
19:21 Fervor
21:24 Wheelbarrow
23:49 Husbandry
24:00 Bloodlines
24:50 Ballistics
25:39 Fletching
26:35 Elite Skirmisher
28:12 Horse Collar
30:42 Hand Cart
31:04 Murder Holes
35:25 Imperial Age
34:18 Bodkin Arrow
34:35 Thumb Ring
35:35 Heavy Plow
36:30 Conscription
37:50 Chemistry
37:42 Bracer
38:06 Devotion
38:52 Cavalier
39:25 Elite Conquistador
41:48 Padded Archer Armor
42:14 Masonry
47:04 Bow Saw
47:12 Leather Archer Armor
47:08 Forging
49:27 Scale Barding Armor
49:14 Light Cavalry
49:19 Paladin
49:25 Light Cavalry
51:57 Ring Archer Armor
52:04 Iron Casting
52:04 Architecture
51:46 Fortified Wall
52:06 Architecture
51:27 Gambesons
54:14 Chain Barding Armor
54:55 Blast Furnace
Connection lost

Rejoining the realm…

Still unreachable

The connection could not be restored.

Session expired

The server has moved on; the page needs a fresh start.